[ AOE2 MATCH · #488264887 ]
UnrankedTurks vs Byzantines
[ REPLAY ANALYSIS · EXTRACTED FROM THE RECORDED GAME ]
Feudal
12:33
Castle
—
Imperial
—
| APM avg | 56.3 |
| APM peak | 115 |
| eAPM avg | 30.2 |
| Villagers / military | 92 / 209 |
Focus
⚔️ 46.1% · 🌾 53.9%
Scout Cavalry ×209 · Fishing Ship ×5
Feudal
12:47
Castle
25:15
Imperial
48:01
| APM avg | 27.7 |
| APM peak | 64 |
| eAPM avg | 17.4 |
| Villagers / military | 214 / 18 |
Focus
⚔️ 37.3% · 🌾 62.7%
Unknown (2626) ×39 · Cataphract ×14 · Fishing Ship ×11 · Demolition Raft ×3 · Fire Galley ×1
Feudal
12:30
Castle
18:27
Imperial
35:27
| APM avg | 66.4 |
| APM peak | 107 |
| eAPM avg | 49.2 |
| Villagers / military | 213 / 413 |
Focus
⚔️ 59.9% · 🌾 40.1%
Karambit Warrior ×291 · Battle Elephant ×94 · Unknown (2626) ×31 · Fishing Ship ×24 · Galley ×19 · Demolition Raft ×6
Feudal
13:05
Castle
16:39
Imperial
29:26
| APM avg | 24.8 |
| APM peak | 48 |
| eAPM avg | 14.4 |
| Villagers / military | 100 / 61 |
Focus
⚔️ 38.8% · 🌾 61.2%
Plumed Archer ×51 · Fishing Ship ×6 · Spearman ×3 · Trebuchet (Packed) ×3 · Mangonel ×2 · Petard ×1
Feudal
12:21
Castle
18:18
Imperial
47:38
| APM avg | 28.2 |
| APM peak | 69 |
| eAPM avg | 16.7 |
| Villagers / military | 126 / 8 |
Focus
⚔️ 31.1% · 🌾 68.9%
Fishing Ship ×9 · Battering Ram ×5 · Camel Archer ×2 · Mangonel ×1 · Unknown (2626) ×1
Feudal
12:41
Castle
20:22
Imperial
34:26
| APM avg | 43.9 |
| APM peak | 88 |
| eAPM avg | 28.3 |
| Villagers / military | 154 / 243 |
Focus
⚔️ 32.4% · 🌾 67.6%
Coustillier ×144 · Scout Cavalry ×93 · Fishing Ship ×15 · Unknown (2626) ×8 · Trebuchet (Packed) ×4 · Monk ×2
Feudal
12:47
Castle
16:23
Imperial
—
| APM avg | 56.1 |
| APM peak | 98 |
| eAPM avg | 32.3 |
| Villagers / military | 145 / 103 |
Focus
⚔️ 38.4% · 🌾 61.6%
Shotel Warrior ×98 · Fishing Ship ×12 · Battering Ram ×5
Feudal
13:50
Castle
17:54
Imperial
35:09
| APM avg | 56.3 |
| APM peak | 96 |
| eAPM avg | 37.1 |
| Villagers / military | 201 / 91 |
Focus
⚔️ 42.8% · 🌾 57.2%
Ratha (Ranged) ×56 · Armored Elephant ×31 · Fishing Ship ×17 · Fire Galley ×2 · Demolition Raft ×2
Match map
Initial resources + every placement click. Lines = walls · curves = elevation contours. ◆ gold · ⬟ stone · ● berries · ✦ relic · ◌ wall gap
Your base· Open — 14t gap
Jrfear's base· ✓ Closed at 25:15 · 32t walls · 3 gate(s)
TAG_Sitaux's base· Open — 15t gap
Sorrateiro's base· Open — unwalled flank
Kayros's base· Open — 13t gap
[KT]MonkeY's base· Open — 9t gap
0653599's base· Open — 5t gap
Shulk's base· Open — unwalled flank
Smoothed initial terrain · ◌ = detected wall gap · hover for details
Inputs per minute
— Tointoin - - Jrfear
Build order — Tointoin
First 150 of 473 actions detected
| 0:23 | Build | Town Center |
| 0:44 | Build | Dock |
| 0:52 | Build | House |
| 0:57 | Build | Palisade Wall |
| 0:57 | Build | Palisade Wall |
| 1:13 | Build | House |
| 2:53 | Create | Villager (Male) |
| 2:53 | Create | Villager (Male) |
| 2:53 | Create | Villager (Male) |
| 3:21 | Create | Villager (Male) |
| 3:50 | Create | Villager (Male) |
| 4:02 | Create | Fishing Ship |
| 4:25 | Build | House |
| 4:34 | Research | Loom |
| 4:34 | Research | Loom |
| 5:07 | Create | Villager (Male) |
| 5:31 | Create | Fishing Ship |
| 5:42 | Build | House |
| 5:43 | Create | Villager (Male) |
| 5:43 | Create | Villager (Male) |
| 6:10 | Create | Villager (Male) |
| 6:29 | Create | Villager (Male) |
| 6:57 | Create | Villager (Male) |
| 6:59 | Create | Fishing Ship |
| 7:01 | Create | Villager (Male) |
| 7:33 | Build | House |
| 7:35 | Create | Villager (Male) |
| 7:35 | Create | Villager (Male) |
| 8:00 | Create | Fishing Ship |
| 8:13 | Create | Villager (Male) |
| 8:21 | Create | Villager (Male) |
| 8:58 | Create | Villager (Male) |
| 9:11 | Build | Mill |
| 9:18 | Create | Villager (Male) |
| 9:35 | Create | Fishing Ship |
| 9:47 | Create | Villager (Male) |
| 10:08 | Build | House |
| 10:15 | Research | Feudal Age |
| 10:15 | Research | Feudal Age |
| 10:29 | Build | Lumber Camp |
| 11:43 | Build | Barracks |
| 11:55 | Create | Villager (Male) |
| 12:33 | Age | Feudal Age |
| 12:37 | Build | Stable |
| 12:40 | Build | House |
| 12:42 | Research | Double-Bit Axe |
| 12:43 | Create | Villager (Male) |
| 13:16 | Create | Scout Cavalry |
| 13:16 | Create | Scout Cavalry |
| 13:16 | Create | Scout Cavalry |
| 13:19 | Create | Villager (Male) |
| 13:19 | Create | Villager (Male) |
| 13:44 | Create | Scout Cavalry |
| 13:44 | Create | Scout Cavalry |
| 13:46 | Create | Villager (Male) |
| 13:47 | Create | Villager (Male) |
| 13:51 | Build | Outpost |
| 13:53 | Build | House |
| 14:12 | Research | Town Watch |
| 14:20 | Build | House |
| 14:34 | Create | Villager (Male) |
| 14:35 | Create | Scout Cavalry |
| 14:35 | Create | Scout Cavalry |
| 15:11 | Build | Watch Tower |
| 15:17 | Create | Scout Cavalry |
| 15:35 | Build | House |
| 15:37 | Create | Villager (Male) |
| 15:41 | Build | Market |
| 15:44 | Research | Horse Collar |
| 15:45 | Create | Scout Cavalry |
| 16:00 | Build | Blacksmith |
| 16:02 | Build | House |
| 16:03 | Build | House |
| 16:04 | Create | Villager (Male) |
| 16:04 | Create | Villager (Male) |
| 16:12 | Build | House |
| 16:13 | Build | House |
| 16:20 | Create | Villager (Male) |
| 16:21 | Create | Scout Cavalry |
| 16:21 | Create | Scout Cavalry |
| 17:37 | Build | Town Center |
| 17:43 | Create | Scout Cavalry |
| 18:14 | Create | Scout Cavalry |
| 18:15 | Create | Scout Cavalry |
| 18:19 | Build | Lumber Camp |
| 18:31 | Create | Villager (Male) |
| 18:32 | Create | Villager (Male) |
| 18:43 | Build | Farm |
| 19:01 | Create | Villager (Male) |
| 19:14 | Create | Scout Cavalry |
| 19:19 | Build | Farm |
| 19:27 | Build | House |
| 20:01 | Create | Villager (Male) |
| 20:04 | Research | Forging |
| 20:04 | Research | Forging |
| 20:22 | Build | House |
| 20:26 | Build | House |
| 20:28 | Build | House |
| 20:31 | Build | House |
| 20:40 | Create | Villager (Male) |
| 20:40 | Create | Villager (Male) |
| 20:43 | Create | Scout Cavalry |
| 20:43 | Create | Scout Cavalry |
| 20:45 | Build | House |
| 20:59 | Create | Scout Cavalry |
| 21:06 | Build | Farm |
| 21:07 | Build | Farm |
| 21:08 | Build | Farm |
| 21:11 | Build | Farm |
| 21:12 | Build | Farm |
| 21:19 | Create | Villager (Male) |
| 21:20 | Create | Scout Cavalry |
| 21:21 | Create | Scout Cavalry |
| 21:26 | Research | Scale Barding Armor |
| 21:26 | Research | Scale Barding Armor |
| 21:34 | Create | Villager (Male) |
| 21:43 | Build | Farm |
| 22:01 | Create | Scout Cavalry |
| 22:04 | Build | Farm |
| 22:17 | Build | Mill |
| 22:26 | Create | Villager (Male) |
| 22:31 | Build | Palisade Wall |
| 22:32 | Build | House |
| 22:34 | Build | Palisade Wall |
| 22:35 | Build | House |
| 22:50 | Create | Scout Cavalry |
| 22:53 | Build | Farm |
| 23:12 | Create | Scout Cavalry |
| 23:12 | Create | Scout Cavalry |
| 23:15 | Create | Villager (Male) |
| 23:20 | Build | Stable |
| 23:22 | Create | Scout Cavalry |
| 23:27 | Research | Wheelbarrow |
| 23:50 | Create | Scout Cavalry |
| 24:03 | Build | Farm |
| 24:05 | Build | Farm |
| 24:09 | Create | Villager (Male) |
| 24:26 | Create | Scout Cavalry |
| 24:28 | Build | Stable |
| 24:46 | Create | Scout Cavalry |
| 24:46 | Create | Scout Cavalry |
| 24:59 | Create | Villager (Male) |
| 25:08 | Create | Scout Cavalry |
| 25:16 | Create | Villager (Male) |
| 25:16 | Create | Villager (Male) |
| 25:19 | Build | Watch Tower |
| 25:34 | Create | Villager (Male) |
| 25:37 | Create | Scout Cavalry |
| 25:37 | Create | Scout Cavalry |
| 25:52 | Create | Villager (Male) |
Build order — Jrfear
First 150 of 349 actions detected
| 0:11 | Build | Town Center |
| 1:14 | Build | Dock |
| 1:18 | Build | House |
| 1:56 | Build | House |
| 1:58 | Build | Palisade Wall |
| 2:31 | Create | Villager (Male) |
| 2:31 | Create | Villager (Male) |
| 2:31 | Create | Villager (Male) |
| 2:32 | Create | Villager (Male) |
| 2:32 | Create | Villager (Male) |
| 3:34 | Create | Fishing Ship |
| 4:08 | Create | Villager (Male) |
| 4:08 | Create | Villager (Male) |
| 4:26 | Build | House |
| 4:32 | Research | Loom |
| 4:48 | Create | Villager (Male) |
| 4:49 | Create | Villager (Male) |
| 5:06 | Create | Fishing Ship |
| 5:15 | Create | Villager (Male) |
| 5:15 | Create | Villager (Male) |
| 5:36 | Build | House |
| 5:50 | Create | Villager (Male) |
| 5:50 | Create | Villager (Male) |
| 6:17 | Create | Villager (Male) |
| 6:17 | Create | Villager (Male) |
| 6:18 | Create | Fishing Ship |
| 6:42 | Create | Villager (Male) |
| 6:43 | Create | Villager (Male) |
| 6:55 | Create | Fishing Ship |
| 7:07 | Create | Villager (Male) |
| 7:07 | Create | Villager (Male) |
| 7:14 | Build | House |
| 7:37 | Create | Fishing Ship |
| 7:38 | Create | Villager (Male) |
| 8:06 | Create | Fishing Ship |
| 8:09 | Build | House |
| 8:29 | Create | Villager (Male) |
| 8:30 | Create | Fishing Ship |
| 8:50 | Create | Villager (Male) |
| 9:08 | Build | Dock |
| 9:33 | Create | Villager (Male) |
| 9:36 | Build | Lumber Camp |
| 9:48 | Create | Fishing Ship |
| 10:03 | Create | Villager (Male) |
| 10:14 | Build | Dock |
| 10:37 | Research | Feudal Age |
| 11:01 | Build | Mining Camp |
| 11:09 | Build | House |
| 11:13 | Build | Palisade Wall |
| 11:35 | Create | Fishing Ship |
| 11:55 | Build | Palisade Wall |
| 12:05 | Create | Villager (Male) |
| 12:12 | Create | Fishing Ship |
| 12:14 | Create | Fishing Ship |
| 12:17 | Create | Villager (Male) |
| 12:37 | Create | Villager (Male) |
| 12:47 | Age | Feudal Age |
| 12:50 | Build | Dock |
| 12:54 | Create | Unit 2626 |
| 12:54 | Create | Unit 2626 |
| 12:56 | Research | Double-Bit Axe |
| 13:05 | Build | House |
| 13:12 | Create | Villager (Male) |
| 13:25 | Create | Unit 2626 |
| 13:25 | Create | Unit 2626 |
| 13:36 | Create | Unit 2626 |
| 13:36 | Create | Unit 2626 |
| 13:38 | Create | Villager (Male) |
| 13:43 | Build | House |
| 13:44 | Build | Palisade Wall |
| 13:52 | Create | Villager (Male) |
| 13:59 | Create | Unit 2626 |
| 14:11 | Create | Unit 2626 |
| 14:12 | Create | Villager (Male) |
| 14:23 | Build | House |
| 14:31 | Create | Unit 2626 |
| 14:32 | Create | Villager (Male) |
| 14:46 | Create | Unit 2626 |
| 14:47 | Create | Villager (Male) |
| 14:51 | Build | House |
| 15:17 | Create | Villager (Male) |
| 15:20 | Build | Blacksmith |
| 15:46 | Build | House |
| 15:47 | Create | Villager (Male) |
| 15:51 | Create | Unit 2626 ×3 |
| 16:02 | Create | Villager (Male) |
| 16:17 | Research | Forging |
| 16:19 | Build | Palisade Gate |
| 16:21 | Build | House |
| 16:43 | Create | Unit 2626 ×3 |
| 16:50 | Create | Villager (Male) |
| 17:01 | Create | Villager (Male) |
| 17:13 | Create | Unit 2626 |
| 17:24 | Create | Villager (Male) |
| 17:29 | Build | Mill |
| 17:34 | Build | House |
| 17:35 | Build | Palisade Wall |
| 17:42 | Create | Unit 2626 |
| 17:43 | Create | Unit 2626 |
| 17:54 | Create | Villager (Male) |
| 18:01 | Build | House |
| 18:01 | Build | House |
| 18:24 | Build | House |
| 18:27 | Create | Villager (Male) |
| 18:43 | Create | Unit 2626 |
| 18:43 | Create | Unit 2626 |
| 18:44 | Create | Unit 2626 |
| 18:45 | Create | Villager (Male) |
| 18:50 | Build | Mining Camp |
| 19:04 | Create | Villager (Male) |
| 19:07 | Build | House |
| 19:07 | Build | House |
| 19:27 | Create | Unit 2626 ×3 |
| 19:34 | Create | Villager (Male) |
| 19:39 | Build | House |
| 19:51 | Create | Villager (Male) |
| 20:05 | Create | Villager (Male) |
| 20:25 | Create | Unit 2626 |
| 20:25 | Create | Unit 2626 |
| 20:25 | Create | Unit 2626 |
| 20:27 | Create | Villager (Male) |
| 20:52 | Create | Villager (Male) |
| 20:54 | Build | Lumber Camp |
| 21:25 | Create | Villager (Male) |
| 21:45 | Build | Market |
| 22:22 | Build | Lumber Camp |
| 22:35 | Research | Castle Age |
| 22:41 | Create | Unit 2626 ×2 |
| 23:35 | Create | Unit 2626 |
| 23:35 | Create | Unit 2626 |
| 23:36 | Create | Unit 2626 |
| 23:38 | Build | House |
| 23:42 | Create | Villager (Male) |
| 23:56 | Build | Gate |
| 24:02 | Build | Gate |
| 24:45 | Create | Unit 2626 |
| 24:45 | Create | Unit 2626 |
| 24:45 | Create | Unit 2626 |
| 24:48 | Build | Dock |
| 24:56 | Create | Demolition Raft |
| 24:56 | Create | Demolition Raft |
| 24:56 | Create | Demolition Raft |
| 25:15 | Age | Castle Age |
| 25:28 | Research | War Galley (upgrade) |
| 25:32 | Create | Unit 2626 ×2 |
| 25:57 | Build | Town Center |
| 26:16 | Build | House |
| 27:00 | Build | Farm |
| 27:03 | Build | Farm |
| 27:03 | Build | Farm |
Build order — TAG_Sitaux
First 150 of 944 actions detected
| 0:23 | Build | Dock |
| 0:28 | Build | Town Center |
| 0:49 | Build | House |
| 0:56 | Build | House |
| 2:43 | Create | Villager (Male) |
| 2:43 | Create | Villager (Male) |
| 2:43 | Create | Villager (Male) |
| 2:45 | Create | Villager (Male) |
| 2:45 | Create | Villager (Male) |
| 3:33 | Create | Villager (Male) |
| 3:33 | Create | Villager (Male) |
| 3:42 | Create | Fishing Ship |
| 4:07 | Build | House |
| 4:47 | Create | Villager (Male) |
| 4:47 | Create | Villager (Male) |
| 5:10 | Create | Villager (Male) |
| 5:10 | Create | Villager (Male) |
| 5:18 | Create | Fishing Ship |
| 5:34 | Create | Villager (Male) |
| 5:34 | Create | Villager (Male) |
| 5:44 | Build | House |
| 6:04 | Create | Villager (Male) |
| 6:16 | Create | Fishing Ship |
| 6:29 | Create | Villager (Male) |
| 6:30 | Create | Villager (Male) |
| 6:47 | Create | Fishing Ship |
| 6:53 | Create | Villager (Male) |
| 7:00 | Build | House |
| 7:18 | Create | Villager (Male) |
| 7:20 | Create | Fishing Ship |
| 7:43 | Create | Villager (Male) |
| 8:07 | Create | Villager (Male) |
| 8:12 | Create | Fishing Ship |
| 8:14 | Build | Dock |
| 8:36 | Create | Villager (Male) |
| 8:36 | Create | Villager (Male) |
| 8:45 | Build | House |
| 8:55 | Create | Fishing Ship |
| 8:59 | Create | Villager (Male) |
| 8:59 | Create | Villager (Male) |
| 9:08 | Build | House |
| 9:16 | Create | Fishing Ship |
| 9:22 | Create | Fishing Ship |
| 9:25 | Create | Villager (Male) |
| 9:44 | Create | Villager (Male) |
| 9:55 | Build | Lumber Camp |
| 10:19 | Create | Fishing Ship |
| 10:22 | Create | Villager (Male) |
| 10:42 | Build | Mining Camp |
| 10:47 | Create | Villager (Male) |
| 10:55 | Build | House |
| 11:12 | Research | Feudal Age |
| 11:12 | Research | Feudal Age |
| 11:47 | Build | Dock |
| 11:55 | Create | Villager (Male) |
| 11:58 | Build | House |
| 12:30 | Age | Feudal Age |
| 12:32 | Create | Unit 2626 |
| 12:33 | Create | Unit 2626 |
| 12:33 | Create | Unit 2626 |
| 12:42 | Research | Tech 906 |
| 12:42 | Research | Tech 906 |
| 12:44 | Create | Villager (Male) |
| 12:50 | Research | Double-Bit Axe |
| 12:50 | Research | Double-Bit Axe |
| 12:59 | Create | Villager (Male) |
| 13:10 | Build | House |
| 13:11 | Build | House |
| 13:16 | Create | Villager (Male) |
| 13:18 | Create | Unit 2626 |
| 13:25 | Create | Unit 2626 |
| 13:32 | Create | Unit 2626 |
| 13:32 | Create | Unit 2626 |
| 13:39 | Create | Fishing Ship |
| 13:50 | Create | Villager (Male) |
| 13:59 | Create | Unit 2626 |
| 13:59 | Create | Unit 2626 |
| 14:10 | Create | Villager (Male) |
| 14:15 | Create | Fishing Ship |
| 14:37 | Build | Mill |
| 14:40 | Create | Unit 2626 |
| 14:40 | Create | Unit 2626 |
| 14:58 | Create | Unit 2626 |
| 15:03 | Create | Villager (Male) |
| 15:11 | Build | House |
| 15:15 | Build | House |
| 15:16 | Build | Palisade Wall |
| 15:31 | Create | Unit 2626 |
| 15:32 | Create | Villager (Male) |
| 15:34 | Research | Loom |
| 15:37 | Build | Blacksmith |
| 16:00 | Create | Villager (Male) |
| 16:05 | Build | Market |
| 16:21 | Create | Fishing Ship |
| 16:22 | Create | Fishing Ship |
| 16:22 | Create | Fishing Ship |
| 16:26 | Create | Villager (Male) |
| 16:35 | Build | House |
| 16:37 | Build | Palisade Wall |
| 16:38 | Build | Palisade Gate |
| 16:51 | Research | Castle Age |
| 16:52 | Research | Castle Age |
| 17:05 | Create | Fishing Ship |
| 17:05 | Create | Fishing Ship |
| 17:05 | Create | Fishing Ship |
| 17:38 | Research | Gold Mining |
| 18:01 | Create | Unit 2626 |
| 18:01 | Create | Unit 2626 |
| 18:01 | Create | Unit 2626 |
| 18:05 | Create | Villager (Male) |
| 18:08 | Build | Dock |
| 18:27 | Age | Castle Age |
| 18:33 | Research | War Galley (upgrade) |
| 18:33 | Research | War Galley (upgrade) |
| 18:47 | Create | Demolition Raft |
| 18:51 | Create | Villager (Male) |
| 18:57 | Build | Town Center |
| 19:10 | Create | Villager (Male) |
| 19:38 | Research | Tech 905 |
| 19:41 | Research | Bow Saw |
| 19:41 | Research | Bow Saw |
| 19:50 | Create | Villager (Male) |
| 19:51 | Create | Villager (Male) |
| 19:52 | Create | Villager (Male) |
| 19:54 | Create | Villager (Male) |
| 20:06 | Create | Villager (Male) |
| 20:09 | Create | Demolition Raft |
| 20:09 | Create | Demolition Raft |
| 20:13 | Create | Villager (Male) |
| 20:18 | Build | Town Center |
| 20:36 | Create | Demolition Raft |
| 20:36 | Create | Demolition Raft |
| 20:38 | Create | Villager (Male) |
| 20:43 | Create | Villager (Male) |
| 20:43 | Create | Villager (Male) |
| 20:45 | Create | Villager (Male) |
| 20:45 | Create | Villager (Male) |
| 20:46 | Build | Lumber Camp |
| 21:03 | Create | Demolition Raft |
| 21:06 | Create | Villager (Male) |
| 21:15 | Create | Villager (Male) |
| 21:16 | Research | Gold Shaft Mining |
| 21:16 | Research | Gold Shaft Mining |
| 21:21 | Research | Town Watch |
| 21:21 | Research | Town Watch |
| 21:22 | Create | Villager (Male) |
| 21:35 | Research | Fletching |
| 21:37 | Create | Villager (Male) |
| 21:41 | Create | Galley |
| 21:41 | Create | Galley |
Build order — Sorrateiro
First 150 of 209 actions detected
| 0:14 | Build | Town Center |
| 2:20 | Build | House |
| 2:37 | Create | Villager (Male) |
| 2:38 | Research | Loom |
| 3:10 | Build | Dock |
| 3:19 | Create | Villager (Male) ×2 |
| 4:00 | Create | Fishing Ship |
| 4:40 | Create | Villager (Male) |
| 4:48 | Build | House |
| 5:08 | Create | Villager (Male) |
| 5:31 | Create | Villager (Male) |
| 5:40 | Create | Villager (Male) |
| 6:13 | Create | Villager (Male) |
| 6:21 | Create | Villager (Male) |
| 6:32 | Create | Fishing Ship |
| 6:58 | Build | House |
| 7:07 | Create | Villager (Male) |
| 7:26 | Create | Fishing Ship |
| 7:40 | Create | Villager (Male) |
| 7:58 | Create | Villager (Male) |
| 8:04 | Create | Fishing Ship |
| 8:21 | Build | House |
| 8:29 | Create | Villager (Male) |
| 9:02 | Create | Villager (Male) |
| 9:15 | Create | Fishing Ship |
| 9:33 | Create | Villager (Male) |
| 9:36 | Build | House |
| 9:49 | Build | Lumber Camp |
| 9:53 | Create | Villager (Male) |
| 10:13 | Create | Fishing Ship |
| 10:23 | Create | Villager (Male) |
| 10:44 | Research | Feudal Age |
| 11:03 | Build | Mining Camp |
| 11:08 | Build | Mining Camp |
| 11:26 | Build | House |
| 11:54 | Build | Mill |
| 12:37 | Build | Outpost |
| 13:05 | Age | Feudal Age |
| 13:06 | Research | Town Watch |
| 13:07 | Create | Villager (Male) |
| 13:13 | Build | Blacksmith |
| 13:19 | Build | Market |
| 13:59 | Research | Castle Age |
| 14:22 | Build | Mining Camp |
| 15:18 | Build | Mining Camp |
| 15:25 | Research | Stone Mining |
| 16:19 | Build | Dock |
| 16:39 | Age | Castle Age |
| 16:40 | Build | Palisade Gate |
| 16:43 | Create | Villager (Male) |
| 17:05 | Research | Wheelbarrow |
| 17:24 | Build | Castle |
| 17:42 | Build | Palisade Gate |
| 17:46 | Build | Palisade Gate |
| 17:48 | Build | Palisade Wall |
| 18:10 | Create | Villager (Male) |
| 18:40 | Create | Villager (Male) |
| 18:57 | Create | Plumed Archer |
| 19:03 | Create | Villager (Male) |
| 19:07 | Create | Plumed Archer |
| 19:10 | Research | Gold Mining |
| 19:22 | Create | Villager (Male) |
| 19:30 | Build | Palisade Wall |
| 19:59 | Build | Siege Workshop |
| 20:06 | Create | Villager (Male) |
| 20:31 | Research | Fletching |
| 20:31 | Create | Villager (Male) |
| 20:51 | Create | Villager (Male) |
| 20:54 | Create | Battering Ram |
| 20:58 | Build | House |
| 21:01 | Research | Double-Bit Axe |
| 21:12 | Create | Mangonel |
| 21:15 | Create | Villager (Male) |
| 21:30 | Create | Villager (Male) |
| 21:43 | Create | Villager (Male) |
| 22:00 | Research | Bow Saw |
| 22:19 | Create | Villager (Male) |
| 22:23 | Create | Plumed Archer ×5 |
| 22:37 | Create | Villager (Male) |
| 23:01 | Create | Villager (Male) |
| 23:30 | Create | Plumed Archer |
| 23:43 | Create | Villager (Male) |
| 23:48 | Build | Lumber Camp |
| 23:54 | Create | Plumed Archer |
| 24:14 | Create | Villager (Male) |
| 24:26 | Create | Villager (Male) |
| 24:37 | Create | Villager (Male) |
| 24:49 | Build | House |
| 25:00 | Create | Villager (Male) |
| 25:11 | Build | House |
| 25:48 | Build | House |
| 26:16 | Research | Imperial Age |
| 26:29 | Create | Plumed Archer |
| 26:30 | Create | Plumed Archer |
| 26:36 | Research | Padded Archer Armor |
| 27:16 | Create | Plumed Archer |
| 27:27 | Research | Bodkin Arrow |
| 27:55 | Build | Dock |
| 28:05 | Create | Plumed Archer |
| 28:05 | Create | Plumed Archer |
| 28:26 | Build | University |
| 29:02 | Create | Plumed Archer ×5 |
| 29:26 | Age | Imperial Age |
| 29:29 | Create | Trebuchet (Packed) |
| 29:37 | Create | Villager (Male) |
| 29:46 | Research | Ballistics |
| 29:56 | Create | Villager (Male) |
| 29:59 | Build | Farm |
| 29:59 | Build | Farm |
| 29:59 | Build | Farm |
| 30:00 | Build | Farm |
| 30:08 | Create | Mangonel |
| 30:37 | Create | Petard |
| 31:17 | Create | Villager (Male) |
| 31:27 | Build | Castle |
| 31:33 | Build | House |
| 31:35 | Build | House |
| 31:36 | Build | House |
| 31:37 | Build | House |
| 31:42 | Create | Villager (Male) |
| 32:06 | Build | Town Center |
| 32:19 | Build | Mill |
| 32:31 | Create | Villager (Male) |
| 32:38 | Research | Bracer |
| 32:40 | Create | Villager (Male) |
| 33:03 | Create | Villager (Male) |
| 33:48 | Create | Trebuchet (Packed) |
| 33:52 | Create | Villager (Male) |
| 33:53 | Create | Villager (Male) |
| 33:55 | Create | Villager (Male) |
| 34:14 | Create | Villager (Male) |
| 34:17 | Create | Villager (Male) |
| 34:24 | Create | Trebuchet (Packed) |
| 34:50 | Create | Villager (Male) |
| 34:51 | Create | Villager (Male) |
| 34:56 | Build | Farm |
| 34:56 | Build | Farm |
| 34:57 | Build | Farm |
| 35:34 | Create | Villager (Male) ×3 |
| 35:37 | Create | Plumed Archer ×5 |
| 35:50 | Build | Farm |
| 35:50 | Build | Farm |
| 35:50 | Build | Farm |
| 36:06 | Create | Plumed Archer ×2 |
| 36:24 | Build | Farm |
| 36:24 | Build | Farm |
| 36:26 | Create | Villager (Male) |
| 36:43 | Create | Plumed Archer ×2 |
| 36:58 | Build | Lumber Camp |
| 37:16 | Create | Villager (Male) ×4 |
Build order — Kayros
First 150 of 266 actions detected
| 0:23 | Build | Town Center |
| 1:30 | Build | House |
| 1:37 | Build | Dock |
| 2:34 | Create | Villager (Male) |
| 2:34 | Create | Villager (Male) |
| 2:34 | Create | Villager (Male) |
| 2:35 | Create | Villager (Male) |
| 2:35 | Create | Villager (Male) |
| 3:53 | Build | House |
| 3:58 | Build | House |
| 4:02 | Research | Loom |
| 4:13 | Create | Fishing Ship |
| 4:14 | Create | Fishing Ship |
| 4:41 | Create | Villager (Male) |
| 4:41 | Create | Villager (Male) |
| 5:00 | Create | Fishing Ship |
| 5:01 | Create | Fishing Ship |
| 5:28 | Create | Villager (Male) |
| 5:28 | Create | Villager (Male) |
| 5:28 | Create | Villager (Male) |
| 5:53 | Create | Villager (Male) |
| 5:54 | Create | Villager (Male) |
| 6:08 | Create | Fishing Ship |
| 6:09 | Create | Fishing Ship |
| 6:09 | Create | Villager (Male) |
| 6:09 | Create | Villager (Male) |
| 6:26 | Build | House |
| 6:41 | Create | Villager (Male) |
| 6:41 | Create | Villager (Male) |
| 7:02 | Create | Fishing Ship |
| 7:02 | Create | Villager (Male) |
| 7:03 | Create | Villager (Male) |
| 7:03 | Create | Villager (Male) |
| 7:15 | Build | House |
| 7:28 | Create | Villager (Male) |
| 7:29 | Create | Villager (Male) |
| 7:50 | Create | Villager (Male) |
| 7:50 | Create | Villager (Male) |
| 7:55 | Create | Fishing Ship |
| 7:59 | Create | Villager (Male) |
| 7:59 | Create | Villager (Male) |
| 8:00 | Create | Villager (Male) |
| 8:00 | Create | Villager (Male) |
| 8:25 | Create | Villager (Male) |
| 8:26 | Create | Villager (Male) |
| 8:31 | Build | House |
| 8:58 | Create | Fishing Ship |
| 9:04 | Build | House |
| 9:34 | Build | Mining Camp |
| 9:36 | Create | Villager (Male) |
| 10:11 | Research | Feudal Age |
| 10:11 | Research | Feudal Age |
| 11:02 | Build | Mill |
| 11:08 | Create | Villager (Male) |
| 12:03 | Build | Palisade Wall |
| 12:21 | Age | Feudal Age |
| 12:24 | Create | Unit 2626 |
| 12:45 | Build | Market |
| 12:54 | Create | Villager (Male) |
| 12:54 | Create | Villager (Male) |
| 12:58 | Research | Town Watch |
| 13:17 | Build | Outpost |
| 13:20 | Create | Villager (Male) |
| 13:42 | Build | House |
| 13:53 | Create | Villager (Male) |
| 14:20 | Build | House |
| 14:43 | Build | Stone Wall |
| 14:47 | Build | Stone Wall |
| 14:49 | Build | Stone Wall |
| 14:52 | Build | Stone Wall |
| 15:13 | Build | Blacksmith |
| 15:38 | Research | Castle Age |
| 15:38 | Research | Castle Age |
| 17:02 | Build | Outpost |
| 17:46 | Build | Watch Tower |
| 17:52 | Build | Watch Tower |
| 17:53 | Research | Fletching |
| 18:09 | Create | Villager (Male) |
| 18:10 | Create | Villager (Male) |
| 18:10 | Create | Villager (Male) |
| 18:13 | Build | Outpost |
| 18:18 | Age | Castle Age |
| 18:50 | Build | Castle |
| 19:09 | Build | Lumber Camp |
| 20:12 | Build | Gate |
| 20:30 | Build | Siege Workshop |
| 21:40 | Create | Battering Ram |
| 21:40 | Create | Battering Ram |
| 21:40 | Create | Battering Ram |
| 21:41 | Create | Villager (Male) |
| 21:41 | Create | Villager (Male) |
| 21:41 | Create | Villager (Male) |
| 21:42 | Create | Villager (Male) |
| 21:57 | Research | Double-Bit Axe |
| 21:57 | Research | Double-Bit Axe |
| 22:30 | Create | Villager (Male) |
| 22:55 | Create | Battering Ram |
| 23:28 | Create | Villager (Male) |
| 23:28 | Create | Villager (Male) |
| 23:58 | Create | Camel Archer |
| 23:58 | Create | Camel Archer |
| 24:06 | Build | Town Center |
| 24:49 | Build | House |
| 25:18 | Build | Town Center |
| 26:26 | Create | Battering Ram |
| 27:23 | Create | Mangonel |
| 27:24 | Create | Villager (Male) |
| 27:24 | Create | Villager (Male) |
| 27:24 | Create | Villager (Male) |
| 27:25 | Create | Villager (Male) |
| 27:44 | Build | Outpost |
| 28:08 | Create | Villager (Male) |
| 28:08 | Create | Villager (Male) |
| 28:24 | Build | House |
| 29:02 | Build | Lumber Camp |
| 29:48 | Build | House |
| 30:53 | Build | Town Center |
| 31:48 | Build | House |
| 31:59 | Build | House |
| 32:58 | Research | Horse Collar |
| 33:02 | Build | Town Center |
| 34:13 | Create | Villager (Male) |
| 34:13 | Create | Villager (Male) |
| 34:13 | Create | Villager (Male) |
| 34:19 | Create | Villager (Male) |
| 34:20 | Create | Villager (Male) |
| 34:20 | Create | Villager (Male) |
| 34:42 | Create | Villager (Male) |
| 34:50 | Create | Villager (Male) |
| 34:50 | Create | Villager (Male) |
| 34:51 | Create | Villager (Male) |
| 35:37 | Create | Villager (Male) |
| 35:37 | Create | Villager (Male) |
| 35:37 | Create | Villager (Male) |
| 36:14 | Build | Town Center |
| 36:21 | Create | Villager (Male) |
| 36:21 | Create | Villager (Male) |
| 36:59 | Build | Farm |
| 37:00 | Build | Farm |
| 37:00 | Build | Farm |
| 37:00 | Build | Farm |
| 37:00 | Build | Farm |
| 37:01 | Build | Farm |
| 37:01 | Build | Farm |
| 37:01 | Build | Farm |
| 38:18 | Build | Town Center |
| 38:36 | Create | Villager (Male) |
| 38:36 | Create | Villager (Male) |
| 38:36 | Create | Villager (Male) |
| 39:03 | Create | Villager (Male) |
Build order — [KT]MonkeY
First 150 of 648 actions detected
| 0:24 | Build | Town Center |
| 1:01 | Build | Dock |
| 1:05 | Build | House |
| 2:47 | Create | Villager (Male) |
| 2:47 | Create | Villager (Male) |
| 2:47 | Create | Villager (Male) |
| 2:48 | Create | Villager (Male) |
| 2:48 | Create | Villager (Male) |
| 3:59 | Create | Fishing Ship |
| 4:04 | Create | Villager (Male) |
| 4:04 | Research | Loom |
| 4:31 | Build | House |
| 4:54 | Create | Fishing Ship |
| 4:54 | Create | Fishing Ship |
| 5:25 | Create | Fishing Ship |
| 5:32 | Create | Villager (Male) |
| 5:32 | Create | Villager (Male) |
| 6:06 | Build | House |
| 6:13 | Create | Villager (Male) |
| 6:13 | Create | Villager (Male) |
| 6:21 | Create | Fishing Ship |
| 6:43 | Create | Villager (Male) |
| 7:02 | Create | Fishing Ship |
| 7:02 | Create | Fishing Ship |
| 7:08 | Create | Villager (Male) |
| 7:08 | Create | Villager (Male) |
| 7:24 | Create | Villager (Male) |
| 7:42 | Build | House |
| 7:45 | Create | Villager (Male) |
| 8:02 | Create | Fishing Ship |
| 8:02 | Create | Fishing Ship |
| 8:15 | Create | Villager (Male) |
| 8:31 | Create | Fishing Ship |
| 8:32 | Create | Fishing Ship |
| 8:51 | Create | Villager (Male) |
| 8:56 | Build | House |
| 9:10 | Create | Villager (Male) |
| 9:32 | Build | Lumber Camp |
| 9:37 | Create | Villager (Male) |
| 9:51 | Create | Villager (Male) |
| 10:31 | Research | Feudal Age |
| 10:36 | Research | Double-Bit Axe |
| 10:36 | Research | Double-Bit Axe |
| 11:18 | Research | Tech 906 |
| 11:41 | Build | Mining Camp |
| 12:05 | Build | Dock |
| 12:20 | Build | Palisade Wall |
| 12:22 | Build | Palisade Wall |
| 12:29 | Build | Palisade Wall |
| 12:31 | Build | Palisade Wall |
| 12:32 | Build | Palisade Wall |
| 12:40 | Create | Villager (Male) |
| 12:41 | Age | Feudal Age |
| 12:44 | Create | Unit 2626 |
| 12:44 | Create | Unit 2626 |
| 12:53 | Create | Villager (Male) |
| 12:54 | Research | Bow Saw |
| 13:11 | Create | Villager (Male) |
| 13:17 | Create | Unit 2626 |
| 13:17 | Create | Unit 2626 |
| 13:30 | Build | House |
| 13:39 | Create | Unit 2626 |
| 13:40 | Create | Villager (Male) |
| 13:46 | Build | House |
| 14:02 | Build | House |
| 14:08 | Create | Villager (Male) |
| 14:24 | Create | Unit 2626 |
| 14:27 | Create | Villager (Male) |
| 14:30 | Research | Gold Mining |
| 14:32 | Build | House |
| 14:45 | Create | Unit 2626 |
| 14:59 | Build | Mill |
| 15:00 | Create | Villager (Male) |
| 15:10 | Create | Villager (Male) |
| 15:13 | Build | House |
| 15:31 | Create | Unit 2626 |
| 15:32 | Create | Villager (Male) |
| 15:57 | Create | Fishing Ship |
| 15:57 | Create | Fishing Ship |
| 16:04 | Create | Villager (Male) |
| 16:17 | Build | Blacksmith |
| 16:54 | Build | Market |
| 17:02 | Create | Villager (Male) |
| 17:10 | Build | House |
| 17:34 | Research | Castle Age |
| 17:43 | Build | Dock |
| 17:54 | Create | Fishing Ship |
| 17:54 | Create | Fishing Ship |
| 18:05 | Build | Mining Camp |
| 18:15 | Research | Stone Mining |
| 18:15 | Research | Stone Mining |
| 18:25 | Build | House |
| 18:26 | Build | House |
| 18:28 | Build | House |
| 19:07 | Research | Gillnets |
| 19:07 | Research | Gillnets |
| 19:45 | Create | Villager (Male) |
| 19:45 | Create | Villager (Male) |
| 20:22 | Age | Castle Age |
| 20:24 | Create | Villager (Male) |
| 20:28 | Build | Town Center |
| 20:31 | Build | Town Center |
| 20:34 | Create | Villager (Male) |
| 20:49 | Research | War Galley (upgrade) |
| 20:55 | Create | Villager (Male) |
| 21:18 | Create | Villager (Male) |
| 21:24 | Build | Dock |
| 21:37 | Create | Villager (Male) |
| 21:53 | Build | Town Center |
| 22:07 | Create | Villager (Male) |
| 22:07 | Create | Villager (Male) |
| 22:30 | Create | Villager (Male) |
| 22:31 | Create | Villager (Male) |
| 22:33 | Research | Horse Collar |
| 22:35 | Create | Villager (Male) |
| 22:38 | Create | Villager (Male) |
| 22:51 | Build | Lumber Camp |
| 22:52 | Create | Villager (Male) |
| 23:03 | Create | Villager (Male) |
| 23:20 | Create | Villager (Male) |
| 23:25 | Research | Wheelbarrow |
| 23:28 | Build | Monastery |
| 23:34 | Build | House |
| 23:35 | Build | House |
| 23:36 | Build | House |
| 23:39 | Create | Villager (Male) |
| 23:39 | Create | Villager (Male) |
| 23:45 | Create | Villager (Male) |
| 23:59 | Create | Villager (Male) |
| 24:00 | Create | Villager (Male) |
| 24:00 | Create | Villager (Male) |
| 24:05 | Build | House |
| 24:06 | Build | House |
| 24:10 | Create | Villager (Male) |
| 24:15 | Build | Castle |
| 24:17 | Create | Villager (Male) |
| 24:18 | Create | Villager (Male) |
| 24:21 | Create | Villager (Male) |
| 24:26 | Build | House |
| 24:29 | Create | Villager (Male) |
| 24:35 | Build | Gate |
| 24:37 | Create | Monk |
| 24:40 | Create | Villager (Male) |
| 24:40 | Create | Villager (Male) |
| 24:47 | Create | Villager (Male) |
| 24:52 | Build | Gate |
| 24:54 | Build | House |
| 24:58 | Create | Villager (Male) |
| 25:05 | Create | Villager (Male) |
| 25:12 | Research | Heavy Plow |
Build order — 0653599
First 150 of 357 actions detected
| 0:02 | Build | Town Center |
| 0:39 | Build | Dock |
| 0:41 | Build | House |
| 2:25 | Create | Villager (Male) |
| 2:25 | Create | Villager (Male) |
| 2:25 | Create | Villager (Male) |
| 2:26 | Create | Villager (Male) |
| 2:26 | Create | Villager (Male) |
| 3:15 | Build | House |
| 3:39 | Create | Villager (Male) |
| 3:40 | Create | Villager (Male) |
| 4:13 | Create | Fishing Ship |
| 4:19 | Build | House |
| 4:23 | Create | Villager (Male) |
| 4:23 | Create | Villager (Male) |
| 4:58 | Create | Villager (Male) |
| 4:59 | Create | Villager (Male) |
| 4:59 | Create | Villager (Male) |
| 5:15 | Create | Fishing Ship |
| 5:23 | Create | Villager (Male) |
| 5:24 | Create | Villager (Male) |
| 5:48 | Create | Villager (Male) |
| 5:49 | Create | Villager (Male) |
| 5:54 | Build | House |
| 6:07 | Build | House |
| 6:12 | Create | Villager (Male) |
| 6:12 | Create | Villager (Male) |
| 6:38 | Create | Villager (Male) |
| 6:38 | Create | Villager (Male) |
| 6:46 | Create | Fishing Ship |
| 7:02 | Create | Villager (Male) |
| 7:03 | Create | Villager (Male) |
| 7:12 | Create | Villager (Male) |
| 7:12 | Create | Villager (Male) |
| 7:18 | Create | Fishing Ship |
| 7:18 | Create | Fishing Ship |
| 7:24 | Create | Villager (Male) |
| 7:32 | Build | House |
| 8:08 | Build | House |
| 8:26 | Create | Villager (Male) |
| 8:30 | Create | Fishing Ship |
| 8:30 | Create | Fishing Ship |
| 8:43 | Create | Villager (Male) |
| 8:43 | Create | Villager (Male) |
| 8:43 | Create | Villager (Male) |
| 8:44 | Create | Villager (Male) |
| 9:05 | Build | House |
| 9:43 | Create | Fishing Ship |
| 10:03 | Build | Mill |
| 10:09 | Create | Villager (Male) |
| 10:36 | Build | Mining Camp |
| 10:37 | Research | Feudal Age |
| 10:38 | Research | Feudal Age |
| 10:38 | Research | Feudal Age |
| 11:18 | Build | House |
| 11:20 | Build | Palisade Wall |
| 12:13 | Create | Villager (Male) |
| 12:13 | Create | Villager (Male) |
| 12:44 | Build | Palisade Wall |
| 12:47 | Age | Feudal Age |
| 12:49 | Build | Market |
| 12:51 | Build | Blacksmith |
| 12:59 | Build | Palisade Wall |
| 13:40 | Create | Villager (Male) |
| 13:40 | Create | Villager (Male) |
| 13:43 | Research | Castle Age |
| 13:43 | Research | Castle Age |
| 13:43 | Research | Castle Age |
| 14:12 | Build | Palisade Wall |
| 14:14 | Build | Palisade Wall |
| 14:35 | Build | House |
| 14:37 | Build | House |
| 14:40 | Build | House |
| 14:42 | Build | House |
| 14:51 | Build | Palisade Wall |
| 14:53 | Build | Palisade Wall |
| 14:54 | Build | House |
| 14:56 | Build | Palisade Wall |
| 14:59 | Build | Palisade Wall |
| 16:05 | Build | Palisade Wall |
| 16:23 | Age | Castle Age |
| 16:32 | Build | Palisade Wall |
| 16:35 | Build | Palisade Wall |
| 16:38 | Research | Loom |
| 16:45 | Build | Castle |
| 16:48 | Create | Villager (Male) |
| 17:07 | Build | House |
| 17:10 | Build | House |
| 17:11 | Build | Palisade Wall |
| 17:30 | Create | Villager (Male) |
| 17:30 | Create | Villager (Male) |
| 17:56 | Build | Palisade Wall |
| 18:03 | Create | Villager (Male) |
| 18:03 | Create | Villager (Male) |
| 18:03 | Create | Villager (Male) |
| 18:28 | Create | Villager (Male) |
| 18:28 | Create | Villager (Male) |
| 18:40 | Create | Shotel Warrior |
| 18:41 | Create | Shotel Warrior |
| 18:43 | Build | Mining Camp |
| 19:26 | Build | Town Center |
| 19:30 | Create | Shotel Warrior |
| 19:30 | Create | Shotel Warrior |
| 19:30 | Create | Shotel Warrior |
| 19:44 | Create | Shotel Warrior |
| 19:45 | Create | Shotel Warrior |
| 20:02 | Create | Shotel Warrior |
| 20:02 | Create | Shotel Warrior |
| 20:03 | Create | Shotel Warrior |
| 20:30 | Create | Shotel Warrior |
| 20:31 | Create | Shotel Warrior |
| 20:39 | Create | Shotel Warrior |
| 20:39 | Create | Shotel Warrior |
| 20:57 | Create | Shotel Warrior |
| 20:57 | Create | Shotel Warrior |
| 21:24 | Create | Villager (Male) |
| 21:25 | Create | Villager (Male) |
| 21:25 | Create | Villager (Male) |
| 21:25 | Create | Villager (Male) |
| 21:49 | Build | Dock |
| 22:03 | Create | Shotel Warrior |
| 22:04 | Create | Villager (Male) |
| 22:04 | Create | Villager (Male) |
| 22:04 | Create | Villager (Male) |
| 22:11 | Create | Shotel Warrior |
| 22:22 | Create | Shotel Warrior |
| 22:39 | Create | Shotel Warrior |
| 22:39 | Create | Shotel Warrior |
| 22:40 | Create | Villager (Male) |
| 22:40 | Create | Villager (Male) |
| 23:01 | Create | Villager (Male) |
| 23:01 | Create | Villager (Male) |
| 23:13 | Create | Villager (Male) |
| 23:14 | Create | Villager (Male) |
| 23:22 | Create | Villager (Male) |
| 23:23 | Create | Villager (Male) |
| 23:23 | Create | Villager (Male) |
| 23:23 | Create | Villager (Male) |
| 23:37 | Create | Villager (Male) |
| 23:37 | Create | Villager (Male) |
| 23:49 | Create | Shotel Warrior |
| 24:00 | Create | Villager (Male) |
| 24:04 | Build | Siege Workshop |
| 24:23 | Create | Villager (Male) |
| 24:23 | Create | Villager (Male) |
| 24:29 | Create | Shotel Warrior |
| 24:30 | Create | Shotel Warrior |
| 24:38 | Create | Shotel Warrior |
| 24:39 | Create | Shotel Warrior |
| 24:55 | Build | Palisade Wall |
Build order — Shulk
First 150 of 571 actions detected
| 0:15 | Build | Town Center |
| 1:55 | Build | Dock |
| 2:00 | Build | Palisade Wall |
| 2:01 | Build | Palisade Wall |
| 2:31 | Build | House |
| 2:32 | Create | Villager (Male) |
| 2:32 | Create | Villager (Male) |
| 2:32 | Create | Villager (Male) |
| 2:32 | Create | Villager (Male) |
| 2:33 | Create | Villager (Male) |
| 3:45 | Create | Fishing Ship |
| 4:21 | Create | Villager (Male) |
| 4:21 | Create | Villager (Male) |
| 4:28 | Build | House |
| 4:43 | Create | Villager (Male) |
| 4:43 | Create | Villager (Male) |
| 5:10 | Create | Villager (Male) |
| 5:10 | Create | Villager (Male) |
| 5:37 | Create | Villager (Male) |
| 5:40 | Create | Fishing Ship |
| 6:04 | Create | Villager (Male) |
| 6:04 | Create | Villager (Male) |
| 6:06 | Build | House |
| 6:30 | Create | Villager (Male) |
| 6:30 | Create | Villager (Male) |
| 6:31 | Create | Fishing Ship |
| 7:03 | Create | Villager (Male) |
| 7:04 | Create | Fishing Ship |
| 7:10 | Build | House |
| 7:30 | Create | Villager (Male) |
| 7:40 | Create | Villager (Male) |
| 7:40 | Create | Villager (Male) |
| 7:58 | Create | Fishing Ship |
| 8:04 | Build | House |
| 8:16 | Create | Villager (Male) |
| 8:16 | Create | Villager (Male) |
| 8:27 | Build | Dock |
| 8:30 | Create | Villager (Male) |
| 8:42 | Create | Villager (Male) |
| 8:59 | Create | Fishing Ship |
| 9:10 | Create | Fishing Ship |
| 9:22 | Create | Villager (Male) |
| 9:35 | Build | Mining Camp |
| 9:35 | Create | Villager (Male) |
| 9:56 | Build | House |
| 10:13 | Create | Villager (Male) |
| 10:17 | Create | Fishing Ship |
| 10:18 | Create | Fishing Ship |
| 10:23 | Create | Villager (Male) |
| 10:41 | Create | Fishing Ship |
| 10:57 | Research | Loom |
| 11:04 | Build | Mining Camp |
| 11:20 | Build | Palisade Wall |
| 11:22 | Build | House |
| 11:39 | Research | Feudal Age |
| 11:54 | Build | Mill |
| 12:27 | Create | Fishing Ship |
| 13:40 | Create | Villager (Male) |
| 13:40 | Create | Villager (Male) |
| 13:50 | Age | Feudal Age |
| 13:55 | Build | Market |
| 14:12 | Build | Blacksmith |
| 14:13 | Create | Villager (Male) |
| 15:05 | Build | Watch Tower |
| 15:14 | Research | Castle Age |
| 15:15 | Research | Castle Age |
| 16:10 | Build | House |
| 16:10 | Build | House |
| 16:17 | Build | Lumber Camp |
| 16:41 | Create | Villager (Male) |
| 16:48 | Research | Fletching |
| 16:52 | Create | Villager (Male) |
| 17:03 | Create | Villager (Male) |
| 17:07 | Build | House |
| 17:32 | Create | Villager (Male) |
| 17:46 | Build | House |
| 17:48 | Research | Tech 906 |
| 17:54 | Age | Castle Age |
| 18:00 | Build | Castle |
| 18:00 | Create | Villager (Male) |
| 18:04 | Build | House |
| 18:05 | Build | Palisade Wall |
| 18:09 | Build | Palisade Wall |
| 18:10 | Research | Double-Bit Axe |
| 18:17 | Build | House |
| 18:18 | Create | Villager (Male) |
| 18:27 | Build | Town Center |
| 18:28 | Create | Villager (Male) |
| 18:51 | Build | House |
| 19:00 | Create | Villager (Male) |
| 19:03 | Build | Fish Trap |
| 19:06 | Research | Gillnets |
| 19:06 | Create | Villager (Male) |
| 19:10 | Build | Fish Trap |
| 19:16 | Create | Ratha (Ranged) |
| 19:16 | Create | Ratha (Ranged) |
| 19:22 | Create | Villager (Male) |
| 19:34 | Build | Outpost |
| 19:36 | Create | Villager (Male) |
| 19:38 | Create | Ratha (Ranged) |
| 19:42 | Research | Bodkin Arrow |
| 19:42 | Research | Bodkin Arrow |
| 19:42 | Create | Ratha (Ranged) |
| 19:55 | Create | Villager (Male) |
| 20:09 | Create | Villager (Male) |
| 20:13 | Build | Fish Trap |
| 20:19 | Build | House |
| 20:22 | Create | Ratha (Ranged) |
| 20:22 | Create | Ratha (Ranged) |
| 20:29 | Create | Villager (Male) |
| 20:31 | Create | Villager (Male) |
| 20:36 | Build | Fish Trap |
| 20:55 | Build | Fish Trap |
| 20:57 | Create | Villager (Male) |
| 21:05 | Build | House |
| 21:17 | Create | Villager (Male) |
| 21:31 | Build | Fish Trap |
| 21:35 | Build | Fish Trap |
| 21:36 | Create | Ratha (Ranged) |
| 21:40 | Build | House |
| 21:45 | Create | Ratha (Ranged) |
| 21:45 | Create | Ratha (Ranged) |
| 21:47 | Create | Villager (Male) |
| 21:54 | Create | Villager (Male) |
| 22:06 | Build | Town Center |
| 22:11 | Create | Ratha (Ranged) |
| 22:12 | Create | Villager (Male) |
| 22:20 | Create | Villager (Male) |
| 22:21 | Create | Villager (Male) |
| 22:25 | Build | House |
| 22:26 | Build | Fish Trap |
| 22:32 | Create | Villager (Male) |
| 22:36 | Create | Villager (Male) |
| 22:46 | Create | Ratha (Ranged) |
| 22:52 | Create | Villager (Male) |
| 22:58 | Create | Villager (Male) |
| 23:04 | Create | Villager (Male) |
| 23:06 | Build | University |
| 23:13 | Create | Villager (Male) |
| 23:19 | Create | Ratha (Ranged) |
| 23:21 | Build | House |
| 23:22 | Create | Villager (Male) |
| 23:36 | Create | Villager (Male) |
| 23:44 | Create | Ratha (Ranged) |
| 23:45 | Create | Ratha (Ranged) |
| 23:47 | Create | Villager (Male) |
| 23:48 | Create | Villager (Male) |
| 23:50 | Create | Villager (Male) |
| 23:57 | Build | Palisade Wall |
| 24:03 | Create | Villager (Male) |
Match timeline
| 0:23 | TAG_Sitaux · first_building Dock |
| 0:39 | 0653599 · first_building Dock |
| 0:44 | Tointoin · first_building Dock |
| 0:57 | Tointoin · wall_segment Palisade Wall x1 |
| 0:57 | Tointoin · wall_segment Palisade Wall x1 |
| 1:01 | [KT]MonkeY · first_building Dock |
| 1:14 | Jrfear · first_building Dock |
| 1:37 | Kayros · first_building Dock |
| 1:55 | Shulk · first_building Dock |
| 1:58 | Jrfear · wall_segment Palisade Wall x1 |
| 2:00 | Shulk · wall_segment Palisade Wall x1 |
| 2:01 | Shulk · wall_segment Palisade Wall x1 |
| 3:10 | Sorrateiro · first_building Dock |
| 11:13 | Jrfear · wall_segment Palisade Wall x9 |
| 11:20 | 0653599 · wall_segment Palisade Wall x4 |
| 11:20 | Shulk · wall_segment Palisade Wall x2 |
| 11:43 | Tointoin · first_building Barracks |
| 11:55 | Jrfear · wall_segment Palisade Wall x4 |
| 12:03 | Kayros · wall_segment Palisade Wall x1 |
| 12:20 | [KT]MonkeY · wall_segment Palisade Wall x1 |
| 12:21 | Kayros · age_up feudal |
| 12:22 | [KT]MonkeY · wall_segment Palisade Wall x1 |
| 12:29 | [KT]MonkeY · wall_segment Palisade Wall x1 |
| 12:30 | TAG_Sitaux · age_up feudal |
| 12:31 | [KT]MonkeY · wall_segment Palisade Wall x1 |
| 12:32 | [KT]MonkeY · wall_segment Palisade Wall x1 |
| 12:33 | Tointoin · age_up feudal |
| 12:37 | Tointoin · first_building Stable |
| 12:41 | [KT]MonkeY · age_up feudal |
| 12:44 | 0653599 · wall_segment Palisade Wall x10 |
| 12:47 | Jrfear · age_up feudal |
| 12:47 | 0653599 · age_up feudal |
| 12:59 | 0653599 · wall_segment Palisade Wall x8 |
| 13:05 | Sorrateiro · age_up feudal |
| 13:44 | Jrfear · wall_segment Palisade Wall x10 |
| 13:50 | Shulk · age_up feudal |
| 13:55 | Kayros · first_market_sell 100 wood |
| 14:12 | 0653599 · wall_segment Palisade Wall x1 |
| 14:14 | 0653599 · wall_segment Palisade Wall x1 |
| 14:43 | Kayros · wall_segment Stone Wall x1 |
| 14:47 | Kayros · wall_segment Stone Wall x1 |
| 14:49 | Kayros · wall_segment Stone Wall x1 |
| 14:51 | 0653599 · wall_segment Palisade Wall x1 |
| 14:52 | Kayros · wall_segment Stone Wall x1 |
| 14:53 | 0653599 · wall_segment Palisade Wall x1 |
| 14:56 | 0653599 · wall_segment Palisade Wall x1 |
| 14:59 | 0653599 · wall_segment Palisade Wall x1 |
| 15:16 | TAG_Sitaux · wall_segment Palisade Wall x1 |
| 16:05 | 0653599 · wall_segment Palisade Wall x1 |
| 16:23 | 0653599 · age_up castle |
| 16:32 | 0653599 · wall_segment Palisade Wall x1 |
| 16:35 | 0653599 · wall_segment Palisade Wall x1 |
| 16:37 | TAG_Sitaux · wall_segment Palisade Wall x8 |
| 16:39 | Sorrateiro · age_up castle |
| 16:45 | 0653599 · first_building Castle |
| 17:08 | Sorrateiro · first_market_sell 100 food |
| 17:09 | Sorrateiro · first_market_buy 100 stone |
| 17:11 | 0653599 · wall_segment Palisade Wall x1 |
| 17:24 | Sorrateiro · first_building Castle |
| 17:33 | Tointoin · first_market_sell 100 food |
| 17:34 | Tointoin · first_market_buy 100 stone |
| 17:35 | Jrfear · wall_segment Palisade Wall x8 |
| 17:48 | Sorrateiro · wall_segment Palisade Wall x1 |
| 17:54 | Shulk · age_up castle |
| 17:56 | 0653599 · wall_segment Palisade Wall x1 |
| 18:00 | Shulk · first_building Castle |
| 18:05 | Shulk · wall_segment Palisade Wall x1 |
| 18:09 | Shulk · wall_segment Palisade Wall x1 |
| 18:18 | Kayros · age_up castle |
| 18:27 | TAG_Sitaux · age_up castle |
| 18:45 | Kayros · first_market_buy 100 stone |
| 18:50 | Kayros · first_building Castle |
| 18:53 | TAG_Sitaux · first_market_buy 100 wood |
| 19:30 | Sorrateiro · wall_segment Palisade Wall x1 |
| 19:59 | Sorrateiro · first_building Siege Workshop |
| 20:22 | [KT]MonkeY · age_up castle |
| 20:30 | Kayros · first_building Siege Workshop |
| 21:24 | 0653599 · first_market_buy 100 food |
| 21:36 | [KT]MonkeY · first_market_buy 100 wood |
| 21:44 | TAG_Sitaux · first_market_sell 100 wood |
| 22:31 | Tointoin · wall_segment Palisade Wall x1 |
| 22:32 | Jrfear · first_market_buy 100 food |
| 22:34 | Tointoin · wall_segment Palisade Wall x1 |
| 23:28 | [KT]MonkeY · first_building Monastery |
| 23:57 | Shulk · wall_segment Palisade Wall x1 |
| 24:04 | 0653599 · first_building Siege Workshop |
| 24:08 | [KT]MonkeY · first_market_sell 100 food |
| 24:15 | [KT]MonkeY · first_building Castle |
| 24:55 | 0653599 · wall_segment Palisade Wall x1 |
| 25:00 | TAG_Sitaux · wall_segment Palisade Wall x1 |
| 25:01 | 0653599 · wall_segment Palisade Wall x1 |
| 25:15 | Jrfear · age_up castle |
| 25:34 | TAG_Sitaux · first_building Barracks |
| 25:41 | [KT]MonkeY · wall_segment Stone Wall x2 |
| 25:53 | Jrfear · first_market_sell 100 food |
| 28:02 | TAG_Sitaux · first_building Castle |
| 28:16 | Shulk · first_market_sell 100 wood |
| 28:28 | Jrfear · wall_segment Stone Wall x1 |
| 28:57 | TAG_Sitaux · first_building Monastery |
| 29:26 | Sorrateiro · age_up imperial |
| 30:34 | [KT]MonkeY · first_building Barracks |
| 30:35 | Jrfear · first_building Castle |
| 30:35 | Shulk · first_building Barracks |
| 31:23 | Shulk · first_building Siege Workshop |
| 31:42 | [KT]MonkeY · first_building Stable |
| 31:45 | Shulk · wall_segment Palisade Wall x1 |
| 32:05 | Shulk · first_building Stable |
| 32:38 | Shulk · first_market_buy 100 food |
| 33:17 | Shulk · first_building Archery Range |
| 34:26 | [KT]MonkeY · age_up imperial |
| 34:45 | Shulk · wall_segment Stone Wall x1 |
| 34:47 | Shulk · wall_segment Stone Wall x1 |
| 34:52 | Jrfear · wall_segment Stone Wall x9 |
| 34:55 | Jrfear · wall_segment Stone Wall x1 |
| 34:56 | Jrfear · wall_segment Stone Wall x1 |
| 34:58 | Jrfear · wall_segment Stone Wall x1 |
| 34:58 | Jrfear · wall_segment Stone Wall x1 |
| 35:05 | TAG_Sitaux · first_building Stable |
| 35:09 | Shulk · age_up imperial |
| 35:27 | TAG_Sitaux · age_up imperial |
| 38:03 | Jrfear · wall_segment Stone Wall x1 |
| 38:04 | Jrfear · wall_segment Stone Wall x1 |
| 38:32 | Jrfear · wall_segment Stone Wall x22 |
| 38:44 | [KT]MonkeY · tribute_sent a jugador 1 |
| 38:44 | [KT]MonkeY · tribute_sent a jugador 2 |
| 38:44 | [KT]MonkeY · tribute_sent a jugador 3 |
| 38:44 | [KT]MonkeY · tribute_sent a jugador 4 |
| 38:44 | [KT]MonkeY · tribute_sent a jugador 6 |
| 38:44 | [KT]MonkeY · tribute_sent a jugador 7 |
| 38:44 | [KT]MonkeY · tribute_sent a jugador 8 |
| 38:49 | Jrfear · wall_segment Stone Wall x12 |
| 39:05 | Jrfear · wall_segment Stone Wall x12 |
| 40:06 | Kayros · wall_segment Stone Wall x8 |
| 40:22 | Jrfear · wall_segment Stone Wall x1 |
| 41:28 | Shulk · tribute_sent a jugador 1 |
| 41:28 | Shulk · tribute_sent a jugador 2 |
| 41:28 | Shulk · tribute_sent a jugador 3 |
| 41:28 | Shulk · tribute_sent a jugador 4 |
| 41:28 | Shulk · tribute_sent a jugador 5 |
| 41:28 | Shulk · tribute_sent a jugador 6 |
| 41:28 | Shulk · tribute_sent a jugador 7 |
| 42:11 | [KT]MonkeY · tribute_sent a jugador 1 |
| 42:11 | [KT]MonkeY · tribute_sent a jugador 2 |
| 42:11 | [KT]MonkeY · tribute_sent a jugador 3 |
| 42:11 | [KT]MonkeY · tribute_sent a jugador 4 |
| 42:11 | [KT]MonkeY · tribute_sent a jugador 6 |
| 42:11 | [KT]MonkeY · tribute_sent a jugador 7 |
| 42:11 | [KT]MonkeY · tribute_sent a jugador 8 |
| 42:24 | Sorrateiro · first_building Barracks |
| 42:26 | Jrfear · wall_segment Stone Wall x1 |
| 42:54 | Sorrateiro · first_building Archery Range |
| 43:19 | Shulk · tribute_sent a jugador 1 |
| 43:19 | Shulk · tribute_sent a jugador 2 |
| 43:19 | Shulk · tribute_sent a jugador 3 |
| 43:19 | Shulk · tribute_sent a jugador 4 |
| 43:19 | Shulk · tribute_sent a jugador 5 |
| 43:19 | Shulk · tribute_sent a jugador 6 |
| 43:19 | Shulk · tribute_sent a jugador 7 |
| 43:34 | Kayros · first_building Monastery |
| 43:58 | Kayros · wall_segment Palisade Wall x1 |
| 44:02 | Kayros · wall_segment Palisade Wall x1 |
| 44:14 | Jrfear · wall_segment Stone Wall x1 |
| 44:20 | Jrfear · wall_segment Stone Wall x1 |
| 44:24 | Jrfear · wall_segment Stone Wall x1 |
| 44:35 | Jrfear · wall_segment Stone Wall x1 |
| 44:40 | Jrfear · wall_segment Stone Wall x1 |
| 44:48 | [KT]MonkeY · tribute_sent a jugador 1 |
| 44:48 | [KT]MonkeY · tribute_sent a jugador 2 |
| 44:48 | [KT]MonkeY · tribute_sent a jugador 3 |
| 44:48 | [KT]MonkeY · tribute_sent a jugador 4 |
| 44:48 | [KT]MonkeY · tribute_sent a jugador 6 |
| 44:48 | [KT]MonkeY · tribute_sent a jugador 7 |
| 44:48 | [KT]MonkeY · tribute_sent a jugador 8 |
| 44:53 | Kayros · first_building Barracks |
| 45:10 | TAG_Sitaux · wall_segment Stone Wall x1 |
| 45:26 | Jrfear · wall_segment Stone Wall x17 |
| 45:32 | Jrfear · wall_segment Stone Wall x13 |
| 45:48 | Kayros · first_building Stable |
| 45:49 | Kayros · first_building Archery Range |
| 45:50 | TAG_Sitaux · wall_segment Stone Wall x1 |
| 46:17 | Jrfear · wall_segment Stone Wall x16 |
| 46:37 | Jrfear · wall_segment Stone Wall x1 |
| 46:41 | Jrfear · wall_segment Stone Wall x4 |
| 46:47 | [KT]MonkeY · tribute_sent a jugador 1 |
| 46:47 | [KT]MonkeY · tribute_sent a jugador 2 |
| 46:47 | [KT]MonkeY · tribute_sent a jugador 3 |
| 46:47 | [KT]MonkeY · tribute_sent a jugador 4 |
| 46:47 | [KT]MonkeY · tribute_sent a jugador 6 |
| 46:47 | [KT]MonkeY · tribute_sent a jugador 7 |
| 46:47 | [KT]MonkeY · tribute_sent a jugador 8 |
| 47:38 | Kayros · age_up imperial |
| 47:38 | Shulk · tribute_sent a jugador 1 |
| 47:38 | Shulk · tribute_sent a jugador 2 |
| 47:38 | Shulk · tribute_sent a jugador 3 |
| 47:38 | Shulk · tribute_sent a jugador 4 |
| 47:39 | Shulk · tribute_sent a jugador 5 |
| 47:39 | Shulk · tribute_sent a jugador 6 |
| 47:39 | Shulk · tribute_sent a jugador 7 |
| 47:39 | Jrfear · tribute_sent a jugador 2 |
| 47:39 | Jrfear · tribute_sent a jugador 3 |
| 47:39 | Jrfear · tribute_sent a jugador 4 |
| 47:39 | Jrfear · tribute_sent a jugador 5 |
| 47:39 | Jrfear · tribute_sent a jugador 6 |
| 47:39 | Jrfear · tribute_sent a jugador 7 |
| 47:39 | Jrfear · tribute_sent a jugador 8 |
| 47:44 | Sorrateiro · resign |
| 48:01 | Jrfear · age_up imperial |
[ AI ANALYSIS · 1 CREDIT ]
What really happened in this match?
Wolo.gg analyzes every decision: build order, eco, micro, common mistakes by bracket. Personalized analysis on WhatsApp or Discord in 30 seconds.
Civ guide
Turks
Perfil
Tointoin